 Dungeon Crawl Stone Soup version 0.25.0-26-g0c896c7088 (webtiles) character file.

Game seed: 2698260699088719284

183 MisterFreud the Ruffian (level 5, 0/61 HPs)
             Began as a Demonspawn Abyssal Knight on July 5, 2020.
             Was a Priest of Lugonu.
             Succumbed to a worker ant's poison
             ... on level 4 of the Dungeon.
             The game lasted 00:05:15 (3819 turns).

MisterFreud the Ruffian (Demonspawn Abyssal Knight) Turns: 3819, Time: 00:05:16

Health: 0/61       AC:  6    Str: 13    XL:     5   Next: 35%
Magic:  6/6        EV: 11    Int: 14    God:    Lugonu [***...]
Gold:   123        SH:  0    Dex: 12    Spells: 4/4 levels left

rFire    . . .     SeeInvis .     - Unarmed
rCold    . . .     Gourm    .   (no shield)
rNeg     . . .     Faith    .   a - +0 leather armour
rPois    .         Spirit   .   i - +0 helmet
rElec    .         Reflect  .   (no cloak)
rCorr    .         Harm     .   (no gloves)
MR       .....                  (no boots)
Stlth    ..........             (no amulet)
HPRegen  0.20/turn              t - ring of stealth
MPRegen  0.10/turn              (no ring)

@: berserking, lethally poisoned (0 -> -9), very quick
A: claws 1, molten scales 1, powered by death 1
a: Depart the Abyss, Bend Space, Banish, Renounce Religion


You were on level 4 of the Dungeon.
You worshipped Lugonu.
Lugonu was most pleased with you.
You were not hungry.

You visited 1 branch of the dungeon, and saw 4 of its levels.
You visited the Abyss 1 time.

You collected 123 gold pieces.

Inventory:

Missiles
 d - 5 javelins (quivered)
 e - a throwing net
 s - 16 poisoned darts
Armour
 a - a +0 leather armour (worn)
 i - a +0 helmet (worn)
Jewellery
 t - a ring of stealth (left claw)
Wands
 l - a wand of flame (21)
 q - a wand of acid (12)
Scrolls
 c - a scroll of enchant weapon {unknown}
 g - 3 scrolls of identify {unknown}
 k - 2 scrolls of fear {unknown}
 m - a scroll of immolation {unknown}
 n - 2 scrolls of magic mapping {unknown}
 o - 2 scrolls of remove curse {unknown}
 r - a scroll of fog {unknown}
 u - a scroll of random uselessness {unknown}
Potions
 f - a potion of resistance {unknown}
 h - a potion of haste
 j - a potion of berserk rage
 p - 2 potions of stabbing {unknown}
Comestibles
 b - 8 rations


   Skills:
 - Level 3.0 Fighting
 - Level 1.7 Armour
 - Level 0.8 Dodging
 + Level 5.1 Unarmed Combat
 - Level 2.4 Invocations


You had 4 spell levels left.
You didn't know any spells.
Your spell library was empty.

Dungeon Overview and Level Annotations

Branches:
Dungeon (4/15)
 Temple: D:4-7

Altars:
Gozag
Nemelex Xobeh
Trog

Shops:
D:3 *


Innate Abilities, Weirdness & Mutations

You have sharp fingernails.
You are partially covered in molten scales. (AC +2)
You regenerate a little health from kills.


Message History

* * * LOW HITPOINT WARNING * * *
A worker ant comes into view.
The orc hits you.
* * * LOW HITPOINT WARNING * * *
You feel sick.
The worker ant twitches its antennae in your direction.
The worker ant bites you but does no damage.
The worker ant bites you.
* * * LOW HITPOINT WARNING * * *
You are lethally poisoned!
The worker ant poisons you!
* * * LOW HITPOINT WARNING * * *
You feel sick. The worker ant misses you.
The orc throws a boomerang.
The boomerang hits you.
* * * LOW HITPOINT WARNING * * *
The weapon returns to the orc!
It was a potion of berserk rage.
A red film seems to cover your vision as you go berserk!
You feel yourself moving faster!
You feel mighty!
You die...

#...# .. #.
#...##.# ..
#....#.#.# ##
#........#...
#.....#.....
#.....#..#...
##.#.a.......
#Zoao####..
#r#.@#
####.#.<##
##....#...#
#.......#....#
#.......####..#
#.........# ...
#........... ..
#.........#.. .
#.........##...


You could see 2 worker ants, 2 orcs and an adder skeleton.

Vanquished Creatures
  An orc wizard (D:3)
  3 gnolls
  5 adders
  6 dart slugs
  2 worms
  3 leopard geckos
  3 giant cockroaches
  3 goblins
  6 hobgoblins
  7 jackals
  A quokka (D:2)
  2 ball pythons
  7 bats
  5 frilled lizards
  7 kobolds
  12 rats
73 creatures vanquished.

Notes
Turn   | Place    | Note
-------+----------+-------------------------------------------
     0 | Abyss:1  | MisterFreud the Demonspawn Abyssal Knight began the quest
                  | for the Orb.
     0 | Abyss:1  | Reached XP level 1. HP: 18/18 MP: 2/2
    20 | D:1      | Escaped the Abyss
    66 | D:1      | Reached skill level 2 in Unarmed Combat
   297 | D:1      | Gained mutation: You have sharp fingernails. [demonic
                  | ancestry]
   297 | D:1      | Reached XP level 2. HP: 24/24 MP: 3/3
   621 | D:1      | Reached skill level 3 in Unarmed Combat
   781 | D:1      | Reached ** piety under Lugonu
   936 | D:1      | Gained mutation: You regenerate a little health from kills.
                  | [demonic ancestry]
   936 | D:1      | Reached XP level 3. HP: 27/29 MP: 4/4
  1572 | D:2      | Reached skill level 4 in Unarmed Combat
  1572 | D:2      | Reached XP level 4. HP: 34/35 MP: 5/5
  2827 | D:2      | Found a sparkling altar of Nemelex Xobeh.
  2934 | D:3      | Found an opulent altar of Gozag.
  2936 | D:3      | Found Gozag's Platinum Reserve.
  2996 | D:3      | Noticed a moth of wrath
  3000 | D:3      | Found a bloodstained altar of Trog.
  3116 | D:3      | Gained mutation: You are partially covered in molten
                  | scales. (AC +2) [demonic ancestry]
  3116 | D:3      | Reached XP level 5. HP: 28/41 MP: 6/6
  3529 | D:3      | Reached *** piety under Lugonu
  3529 | D:3      | Reached skill level 5 in Unarmed Combat
  3818 | D:4      | HP: 1/41 [orc/boomerang (3)]
  3819 | D:4      | Succumbed to a worker ant's poison

Illustrated notes

Levels and vault maps discovered:
D:1:      lordsloth_arrival_two_stooges, layout_basic, minmay_misc_feat_plants
D:2:      minmay_chambers_of_ones, layout_rooms,
          nemelex_xobeh_ov_fountains_minmay
D:3:      layout_loops_ring, tgw_trog, nicolae_gozag_zags_fifth_avenue
D:4:      layout_rooms, elyvilon_altar_4, minmay_temple_entry_statues,
          minmay_fractal_squares_gapless_5

Skill      XL: |  1  2  3  4  5 |
---------------+----------------+-----
Unarmed Combat | 2 3 4 5 |  5.1
Fighting       | |  3.0
Armour         | |  1.7
Dodging        | |  0.8
Invocations    | |  2.4

Action                   |  1- 3 |  4- 6 || total
-------------------------+-------+-------++-------
Melee: Unarmed           |   121 |   156 ||   277
       Punch             |     3 |     3 ||     6
  Use: Potion            |       |     4 ||     4
 Stab: Sleeping          |       |     1 ||     1
  Eat: Chunk             |     2 |     7 ||     9
Armor: Leather armour    |    55 |    57 ||   112
Dodge: Dodged            |    86 |    84 ||   170
